 Dungeon Crawl Stone Soup version 0.31-a0-795-g5eb97db20b (webtiles) character file.

Game seed: 4246634256188712884

31949 Pooter the Severer (level 13, -3/177 HPs)
             Began as a Minotaur Berserker on Sept 18, 2023.
             Was an Elder of Trog.
             Slain by a blink frog (6 damage)
             ... on level 3 of the Lair of Beasts.
             The game lasted 01:38:09 (26287 turns).

Pooter the Severer (Minotaur Berserker)            Turns: 26287, Time: 01:38:10

Health: -3/177     AC: 17    Str: 33    XL:     13   Next: 28%
Magic:  12/12      EV: 10    Int:  4    God:    Trog [****..]
Gold:   306        SH:  0    Dex: 12    Spells: 12/12 levels left

rFire   + + .        a - +4 battleaxe (heavy)
rCold   . . .        (shield currently unavailable)
rNeg    + . .        U - +3 chain mail {rF+}
rPois   +            (helmet restricted)
rElec   +            s - +2 cloak "Datetam" {rElec rPois Str+2}
rCorr   .            p - +0 pair of gloves
SInv    .            L - +0 pair of boots {Fly}
Will    .....        E - macabre finger necklace {Finger+ rN+} Stlth
                     X - +6 ring of strength
HPRegen 0.49/turn    P - ring of poison resistance
MPRegen 0.13/turn    F - ring of protection from fire

%: no passive effects
@: berserking, flying, very quick
A: horns 2, retaliatory headbutt
a: Renounce Religion, Berserk, Trog's Hand, Brothers in Arms


You were on level 3 of the Lair of Beasts.
You worshipped Trog.
Trog was greatly pleased with you.
You visited 3 branches of the dungeon, and saw 16 of its levels.
You also visited: Ossuary.

You collected 1967 gold pieces.
You spent 1661 gold pieces at shops.

Inventory:

Hand Weapons
 a - a +4 heavy battleaxe (weapon)
   (You bought it in a shop on level 1 of the Orcish Mines)
 b - a +5 orcbow of freezing
   (You found it on level 8 of the Dungeon)
 D - a +1 long sword of holy wrath
   (You took it off a goblin on level 4 of the Dungeon)
 J - a +1 vampiric halberd
   (You took it off a gnoll on level 2 of the Dungeon)
 M - a +4 trident of draining
   (You took it off Jeremiah on level 7 of the Dungeon)
 V - a +3 battleaxe of protection
   (You took it off a gnoll on level 5 of the Dungeon)
 Y - a +2 orcbow of draining
   (You took it off an orc warrior on level 2 of the Orcish Mines)
Missiles
 g - a throwing net {!f}
 l - 4 curare-tipped darts
 C - 11 boomerangs
 H - 46 poisoned darts (quivered)
 Q - 87 stones
 W - 3 atropa-tipped darts
Armour
 m - a +4 chain mail of poison resistance
   (You found it on level 1 of the Dungeon)
 p - a +0 pair of gloves (worn)
   (You found it on level 1 of the Dungeon)
 s - the +2 cloak "Datetam" (worn) {rElec rPois Str+2}
   (You found it on level 2 of the Lair of Beasts)

   Str+2:     It affects your strength (+2).
   rElec:     It insulates you from electricity.
   rPois:     It protects you from poison
 L - a +0 pair of boots of flying (worn)
   (You found it on level 4 of the Dungeon)
 U - a +3 chain mail of fire resistance (worn)
   (You took it off an orc warrior on level 1 of the Orcish Mines)
Jewellery
 o - the ring "Ciwa" {rElec rPois Will+ Str+6 Int-5}
   (You found it on level 2 of the Dungeon)

   [ring of willpower]

   Str+6:     It affects your strength (+6).
   Int-5:     It affects your intelligence (-5).
   rElec:     It insulates you from electricity.
   rPois:     It protects you from poison Will+: It increases your willpower.
 E - the macabre finger necklace (around neck) {Finger+ rN+}
   (You found it on level 4 of the Dungeon)

   [amulet of nothing]

   Finger+:   It enables you to equip an extra ring.
   rN+:       It protects you from negative energy.
 F - a ring of protection from fire (on amulet)
   (You found it on level 1 of the Lair of Beasts)
 K - a ring of flight
   (You found it on level 6 of the Dungeon)
 P - a ring of poison resistance (right hand)
   (You bought it in a shop on level 2 of the Orcish Mines)
 X - a +6 ring of strength (left hand)
   (You bought it in a shop on level 2 of the Orcish Mines)
Wands
 d - a wand of iceblast (4)
   (You found it on level 8 of the Dungeon)
 f - a wand of flame (6)
   (You took it off a centaur on level 10 of the Dungeon)
 k - a wand of light (3)
   (You found it on level 4 of the Dungeon)
 u - a wand of paralysis (2)
   (You found it on level 11 of the Dungeon)
 O - a wand of polymorph (7)
   (You found it on level 7 of the Dungeon)
Scrolls
 c - 10 scrolls of poison {!r}
 i - a scroll of brand weapon
 t - 5 scrolls of teleportation {@r4}
 w - 2 scrolls of vulnerability {!r}
 I - 2 scrolls of fog
 Z - a scroll of revelation
Potions
 e - a potion of resistance
 h - a potion of attraction {!q}
 j - a potion of cancellation {unknown}
 n - a potion of heal wounds {@q2}
 q - 2 potions of lignification {!q}
 r - 3 potions of ambrosia
 v - a potion of invisibility
 x - 3 potions of enlightenment
 z - a potion of haste {@q3}
 A - 3 potions of mutation {!q}
 N - 3 potions of curing {@q1}
 S - a potion of might
Miscellaneous
 y - a phantom mirror
   (You found it on level 4 of the Dungeon)
 G - a condenser vane
   (You found it on level 4 of the Dungeon)


   Skills:
 + Level 12.2 Fighting
 * Level 15.1(16.4) Axes
 - Level 10.7(14.3) Polearms
 * Level 14.9 Ranged Weapons
 - Level 2.4 Armour
 - Level 2.1 Dodging
 - Level 1.8 Stealth
 + Level 1.3 Evocations


You had 12 spell levels left.
You didn't know any spells.
Your spell library was empty.

Dungeon Overview and Level Annotations

Branches:
Dungeon (11/15) Zot: 26077  Temple (0/1) D:7            Lair (3/5) D:11 Zot: 14884
 Shoals (0/4) Lair:2       Spider (0/4) Lair:2          Orc (2/2) D:9 Zot: 3447
    Elf (0/3) Orc:2       Ossuary (visited)

Altars:
Ashenzari
Fedhas
Gozag
Kikubaaqudgha
Makhleb
Okawaru
Qazlal
Trog
Zin

Shops:
D:1 (   D:2 (   D:3 *   Orc:1 (   Orc:2 =:*[?

Portals:
Pandemonium: Orc:2

Annotations:
D:3 3 runed translucent doors, bakla's ghost, amateur DgHu
D:4 2 runed translucent doors
D:7 1 runed translucent door, Crazy Yiuf


Innate Abilities, Weirdness & Mutations

You have a pair of horns on your head.
You reflexively headbutt those who attack you in melee.


Message History

The blink frog hits you but does no damage.
The blink frog hits you but does no damage.
The blink frog hits you! The blink frog hits you.
The death yak gores you but does no damage.
The death yak gores you!!
The blink frog hits you but does no damage. x2
The blink frog completely misses you. The death yak gores you!!
* * * LOW HITPOINT WARNING * * *
The death yak gores you.
The blink frog blinks!
The blink frog hits you.
* * * LOW HITPOINT WARNING * * *
The blink frog completely misses you.
The blink frog hits you but does no damage.
The blink frog hits you.
* * * LOW HITPOINT WARNING * * *
The blink frog blinks!
The death yak gores you but does no damage.
The death yak gores you!!
* * * LOW HITPOINT WARNING * * *
The blink frog blinks!
The blink frog hits you!
* * * LOW HITPOINT WARNING * * *
The death yak gores you but does no damage.
The death yak gores you!
* * * LOW HITPOINT WARNING * * *
The death yak gores you.
* * * LOW HITPOINT WARNING * * *
The blink frog hits you!
* * * LOW HITPOINT WARNING * * *
The blink frog blinks!
The blink frog hits you but does no damage.
The basilisk bites you.
* * * LOW HITPOINT WARNING * * *
The death yak barely misses you.
The death yak gores you but does no damage. x2
The blink frog hits you but does no damage.
The blink frog hits you but does no damage. x2
The basilisk completely misses you. The death yak gores you!
* * * LOW HITPOINT WARNING * * *
The death yak gores you!!
* * * LOW HITPOINT WARNING * * *
The death yak gores you but does no damage.
You turn to flesh and can move again.
Okay, then.
A red film seems to cover your vision as you go berserk!
You feel yourself moving faster!
You feel mighty! The blink frog hits you.
* * * LOW HITPOINT WARNING * * *
The blink frog hits you.
* * * LOW HITPOINT WARNING * * *
The blink frog blinks!
The blink frog hits you.
You die...

## .##+## .#...
###... #
#.§Y##...#
#F@Y....$#
......YFl.##...
..####.(...#
.#.....#
###.#.### #.F.#
#.... ..##..


You could see 3 death yaks, a basilisk and 3 blink frogs.

Vanquished Creatures
  2 demonspawn (Orc:2)
  2 two-headed ogres
  3 death yaks (Lair:2)
  6 orc high priests (Orc:2)
  A pharaoh ant (Lair:2)
  4 orc knights (Orc:2)
  6 orc sorcerers (Orc:2)
  2 manticores
  A rust devil (Orc:2)
  5 cane toads
  Jeremiah (D:7)
  2 kobold demonologists (D:11)
  An unseen horror (D:11)
  A komodo dragon (Lair:2)
  A hellwing (Orc:2)
  7 trolls
  A red devil (Orc:2)
  A hornet (D:8)
  A tarantella (Lair:2)
  2 blink frogs (Lair:2)
  Prince Ribbit (D:7)
  A ynoxinul (Orc:2)
  2 shadows
  3 wyverns
  Eustachio (D:4)
  2 wraiths
  A vampire (D:10)
  10 yaks
  2 steam dragons (D:7)
  A redback (Lair:2)
  3 basilisks
  A neqoxec (Orc:2)
  A chaos spawn (Orc:2)
  4 wargs
  An acid dragon (D:10)
  6 water moccasins
  4 ice beasts
  2 black bears
  18 orc warriors
  11 wolves
  6 ogres
  A centaur (D:10)
  3 phantoms
  3 kobold brigands
  An elf zombie (Ossuary)
  4 bullfrogs
  A gnoll sergeant (D:6)
  3 scorpions
  6 wights
  2 troll zombies (D:9)
  8 killer bees
  6 howler monkeys
  5 hounds
  4 jellies
  A gnoll bouda (D:9)
  24 orc priests
  3 sleepcaps
  4 iguanas
  11 orc wizards
  7 hell rats (Lair:1)
  5 ogre zombies (D:9)
  2 hound zombies (Ossuary)
  4 mummies (Ossuary)
  14 gnolls
  10 adders
  2 ufetubi
  2 adder zombies (Ossuary)
  A worm (D:2)
  A dart slug (D:5)
  49 orcs
  7 endoplasms
  3 giant cockroaches
  5 goblins
  9 hobgoblins
  3 jackals
  9 quokkas
  8 ball pythons
  6 bats
  A frilled lizard (D:3)
  2 gnoll zombies (Ossuary)
  3 goblin skeletons (D:9)
  2 goblin zombies (D:9)
  2 hobgoblin skeletons (D:9)
  4 hobgoblin zombies (D:9)
  12 kobolds
  2 kobold zombies (Ossuary)
  An orc skeleton (D:9)
  13 orc zombies (D:9)
  2 quokka zombies (D:8)
  3 rats
  3 rat zombies (Ossuary)
418 creatures vanquished.

Vanquished Creatures (collateral kills)
  An orc wizard (D:4)
1 creature vanquished.

Vanquished Creatures (others)
  An unseen horror (D:8)
1 creature vanquished.

Grand Total: 420 creatures vanquished

Notes
Turn   | Place    | Note
-------+----------+-------------------------------------------
     0 | D:1      | Pooter the Minotaur Berserker began the quest for the Orb.
     0 | D:1      | Reached XP level 1. HP: 19/19 MP: 0/0
   343 | D:1      | Reached XP level 2. HP: 24/27 MP: 1/1
   392 | D:1      | Reached skill level 4 in Axes
   392 | D:1      | Reached skill level 1 in Stealth
   690 | D:1      | Found Otegadd's Antique Weapon Shoppe.
  1256 | D:2      | Reached XP level 3. HP: 33/33 MP: 2/2
  1484 | D:2      | Found Hozaur's Weapon Shoppe.
  1645 | D:1      | Bought a glowing sling for 94 gold pieces
  1671 | D:2      | Reached XP level 4. HP: 40/40 MP: 3/3
  1674 | D:2      | Reached skill level 1 in Ranged Weapons
  1894 | D:2      | Identified the ring "Ciwa" {rElec rPois Will+ Str+6 Int-5}
  2372 | D:3      | Found an opulent altar of Gozag.
  2374 | D:3      | Found Gozag's Platinum Reserve.
  2424 | D:3      | Reached skill level 1 in Polearms
  2473 | D:3      | Reached skill level 5 in Axes
  2564 | D:3      | Found a runed translucent gate.
  2565 | D:3      | Found a runed translucent gate.
  2565 | D:3      | Noticed bakla's ghost (amateur DgHu)
  2565 | D:3      | Noticed a kobold brigand
  2566 | D:3      | Found a runed translucent gate.
  3044 | D:4      | Noticed an ogre
  3050 | D:4      | Killed an ogre
  3051 | D:4      | Reached XP level 5. HP: 47/47 MP: 4/4
  3052 | D:4      | Noticed Eustachio
  3060 | D:4      | Killed Eustachio
  3061 | D:4      | Reached XP level 6. HP: 51/55 MP: 5/5
  3195 | D:4      | Found an ancient bone altar of Kikubaaqudgha.
  3296 | D:4      | Found a burning altar of Makhleb.
  3345 | D:4      | Found a large runed translucent door.
  3345 | D:4      | Found a large runed translucent door.
  3347 | D:4      | Noticed a two-headed ogre
  3390 | D:4      | Reached skill level 5 in Fighting
  3425 | D:4      | Found a large runed translucent door.
  3425 | D:4      | Found a large runed translucent door.
  3567 | D:4      | Reached XP level 7. HP: 61/61 MP: 6/6
  3623 | D:4      | Reached ** piety under Trog
  3645 | D:4      | Found the macabre finger necklace {Finger+ rN+}
  3870 | D:4      | Killed a two-headed ogre
  3871 | D:4      | Reached skill level 6 in Axes
  3871 | D:4      | Reached skill level 5 in Polearms
  3871 | D:4      | Reached skill level 5 in Ranged Weapons
  3871 | D:4      | Reached XP level 8. HP: 70/70 MP: 7/7
  3956 | D:5      | Entered Level 5 of the Dungeon
  3983 | D:5      | Noticed a troll
  4003 | D:5      | Killed a troll
  4415 | D:5      | Reached skill level 7 in Axes
  4623 | D:5      | Found a broken altar of Ashenzari.
  4623 | D:5      | Found a glowing silver altar of Zin.
  4631 | D:5      | Found a stormy altar of Qazlal.
  4633 | D:5      | Found a bloodstained altar of Trog.
  4635 | D:5      | Found an iron altar of Okawaru.
  5062 | D:5      | Reached XP level 9. HP: 78/78 MP: 8/8
  6318 | D:7      | Noticed Prince Ribbit
  6342 | D:7      | Killed Prince Ribbit
  6418 | D:7      | Identified the +8 rapier "Demonbane" {drain, +Blink Will+
                  | Int+4}
  6425 | D:7      | Noticed Jeremiah
  6451 | D:7      | Killed Jeremiah
  6564 | D:7      | Reached skill level 8 in Axes
  6905 | D:7      | Found a staircase to the Ecumenical Temple.
  6952 | D:7      | Found a blossoming altar of Fedhas.
  7159 | D:7      | Reached *** piety under Trog
  7173 | D:7      | Found a runed translucent door.
  7174 | D:7      | Noticed Crazy Yiuf
  7277 | D:8      | Found a sand-covered staircase.
  7288 | Ossuary  | Entered an ossuary
  7725 | D:8      | Reached XP level 10. HP: 88/88 MP: 9/9
  7821 | D:8      | Reached skill level 10 in Polearms
  8130 | D:8      | Noticed a manticore
  8141 | D:8      | Killed a manticore
  8255 | D:8      | Reached skill level 10 in Ranged Weapons
  8715 | D:9      | Reached skill level 9 in Axes
  9842 | D:9      | Upgraded the game from 0.31-a0-774-g0d66cbabe8 to
                  | 0.31-a0-795-g5eb97db20b
 10018 | D:9      | Found a staircase to the Orcish Mines.
 12005 | D:9      | Reached **** piety under Trog
 12015 | D:9      | Noticed a two-headed ogre
 12047 | D:9      | Killed a two-headed ogre
 12048 | D:9      | Reached skill level 10 in Axes
 12048 | D:9      | Reached XP level 11. HP: 70/97 MP: 10/10
 12364 | D:10     | Entered Level 10 of the Dungeon
 13560 | Orc:1    | Entered Level 1 of the Orcish Mines
 13942 | Orc:2    | Entered Level 2 of the Orcish Mines
 14259 | Orc:1    | Found Gengas's Weapon Shop.
 14464 | Orc:1    | Reached skill level 11 in Axes
 14610 | Orc:2    | Found a staircase to the Elven Halls.
 14704 | Orc:2    | Found Lieczagh's Jewellery Boutique.
 14721 | Orc:2    | Noticed an orc sorcerer
 14733 | Orc:2    | Killed an orc sorcerer
 14842 | Orc:2    | Reached skill level 10 in Fighting
 15060 | Orc:1    | Bought a +4 heavy battleaxe for 404 gold pieces
 15102 | Orc:2    | Bought a ring of poison resistance for 300 gold pieces
 15102 | Orc:2    | Bought a +6 ring of strength for 540 gold pieces
 15431 | Orc:2    | Noticed an orc knight
 15442 | Orc:2    | Killed an orc knight
 16679 | Orc:2    | Found Ewabb's Magic Scroll Emporium.
 17826 | Orc:2    | Found Godefam's General Store.
 17842 | Orc:2    | Bought a scroll of revelation for 120 gold pieces
 17842 | Orc:2    | Bought a scroll of identify for 32 gold pieces
 17842 | Orc:2    | Bought a scroll of identify for 32 gold pieces
 17842 | Orc:2    | Bought a scroll of identify for 32 gold pieces
 17842 | Orc:2    | Bought a scroll of identify for 32 gold pieces
 17849 | Orc:2    | Bought a potion of curing for 45 gold pieces
 17849 | Orc:2    | Bought a scroll of identify for 30 gold pieces
 19774 | Orc:2    | Reached skill level 12 in Axes
 20829 | Orc:2    | Noticed an orc knight
 20829 | Orc:2    | Noticed an orc high priest
 20829 | Orc:2    | Noticed an orc knight
 20862 | Orc:2    | Killed an orc knight
 20946 | Orc:2    | Killed an orc knight
 20952 | Orc:2    | Killed an orc high priest
 20953 | Orc:2    | Reached XP level 12. HP: 98/108 MP: 11/11
 21505 | Orc:2    | Noticed an orc high priest
 21511 | Orc:2    | Killed an orc high priest
 21512 | Orc:2    | Noticed a demonspawn
 21715 | Orc:2    | Noticed a demonspawn
 21724 | Orc:2    | Killed a demonspawn
 21725 | Orc:2    | Reached skill level 13 in Axes
 21728 | Orc:2    | Killed a demonspawn
 21995 | Orc:2    | Noticed an orc high priest
 22002 | Orc:2    | Killed an orc high priest
 22020 | Orc:2    | Noticed an orc high priest
 22028 | Orc:2    | Killed an orc high priest
 22141 | Orc:2    | Noticed an orc high priest
 22143 | Orc:2    | Killed an orc high priest
 22144 | Orc:2    | Found Erituejy's Book Shop.
 22144 | Orc:2    | Found Juibumm's Antique Armour Boutique.
 22145 | Orc:2    | Found a one-way gate leading to the halls of Pandemonium.
 22145 | Orc:2    | Noticed an orc high priest
 22148 | Orc:2    | Killed an orc high priest
 22348 | D:11     | Reached skill level 14 in Axes
 22447 | D:11     | Found a staircase to the Lair.
 23149 | Lair:1   | Entered Level 1 of the Lair of Beasts
 23868 | Lair:1   | Reached XP level 13. HP: 103/117 MP: 12/12
 25276 | Lair:2   | Found a hole to the Spider Nest.
 25356 | Lair:2   | Found a staircase to the Shoals.
 25433 | Lair:2   | Identified the +2 cloak "Datetam" {rElec rPois Str+2}
 26064 | Lair:2   | Reached skill level 15 in Axes
 26064 | Lair:2   | Reached skill level 1 in Evocations
 26286 | Lair:3   | HP: 3/118 [death yak (9)]
 26287 | Lair:3   | Slain by a blink frog

Illustrated notes

Levels and vault maps discovered:
D:1:      roderic_crop_circles_arrival_small, layout_loops_corners,
          serial_shops, shop, minmay_misc_feat_secret_circle, serial_park_tiny_2
D:2:      layout_loops_ring, serial_shops, nicolae_shop_just_a_little_nook,
          chequers_garden, minmay_indecisive_spiral
D:3:      layout_loops_corners, nicolae_gozag_zags_fifth_avenue,
          gammafunk_ghost_nasty_kobolds
D:4:      layout_gridville, mainiacjoe_overflow_catwalk_spiral,
          grunt_ministairs_1, minmay_hollow_rounded_squares, uniq_eustachio
D:5:      layout_loops_cross, chequers_temple_overflow_minitemple,
          minmay_chambers_of_fives
D:6:      layout_basic
D:7:      layout_basic, mainiacjoe_overflow_cross_hatched,
          minmay_temple_entry_mist, uniq_prince_ribbit1,
          uniq_crazy_yiuf_cottage, uniq_jeremiah
D:8:      layout_basic, enter_ossuary_4, minmay_diamond_spiral
D:9:      layout_irregular_city, zombieorc2_lemuel
D:10:     layout_rooms, minivault_25, st_stairs_3
D:11:     layout_roguey, minmay_lair_entry_grove
Lair:1:   layout_cave_pods
Lair:2:   layout_cave_shapes, elwin_shoals_entry_rocks,
          nicolae_spider_entry_lesser_pyramids, lemuel_old_faithful
Lair:3:   layout_loops_ring, chequers_serial_rivers_small_b, lemuel_fruit_tree,
          grunt_megastairs_4, uniq_fannar
Orc:1:    layout_caves, serial_shops, nicolae_shop_bloodbath_and_beyond,
          basic_altar
Orc:2:    pf_orc_diabolical, layout_caves, serial_shops, shop

Skill      XL: |  1  2  3  4  5  6  7  8  9 10 11 12 13 |
---------------+----------------------------------------+-----
Axes           | 4 5 6 7 8 10 12 14 15 | 15.1
Stealth        | 1 |  1.8
Fighting       | 4 5 6 8 9 10 11 12 | 12.2
Ranged Weapons | 2 3 5 6 8 10 12 14 | 14.9
Polearms       | 2 3 4 5 7 9 10 | 10.7
Evocations     | 1 |  1.3
Armour         | |  2.4
Dodging        | |  2.1

Action                     |  1- 3 |  4- 6 |  7- 9 | 10-12 | 13-15 || total
---------------------------+-------+-------+-------+-------+-------++-------
  Melee: Hand axe          |    27 |       |       |       |       ||    27
         Headbutt          |     5 |     6 |    36 |    62 |     6 ||   115
         War axe           |    36 |     3 |       |       |       ||    39
         Halberd           |       |    72 |   195 |    70 |       ||   337
         Punch             |       |     1 |     3 |       |       ||     4
         Long sword        |       |       |    34 |    16 |       ||    50
         Battleaxe         |       |       |       |   280 |    26 ||   306
   Fire: Sling             |     3 |    20 |    30 |       |       ||    53
         Orcbow            |       |       |       |   311 |    72 ||   383
  Throw: Dart              |       |     3 |     5 |     7 |     1 ||    16
 Invoke: Berserk           |     1 |       |     4 |    12 |     1 ||    18
         Trog's Hand       |       |       |     3 |    18 |       ||    21
  Evoke: Phantom mirror    |       |       |     1 |       |       ||     1
         Wand              |       |       |       |     2 |       ||     2
    Use: Scroll            |     1 |     2 |     9 |    24 |       ||    36
         Potion            |       |       |       |     4 |     1 ||     5
   Stab: Sleeping          |     1 |       |       |       |       ||     1
         Invisible         |       |       |       |     2 |       ||     2
 Armour: Scale mail        |    12 |       |       |       |       ||    12
         Animal skin       |     3 |       |       |       |       ||     3
         Chain mail        |    25 |    72 |   200 |   507 |    84 ||   888
  Dodge: Dodged            |    53 |    43 |   132 |   195 |    28 ||   451

Table legend: (Time is in decaauts)
 A = Elapsed time spent in this place.
 B = Non-inter-level travel time spent in this place.
 C = Inter-level travel time spent in this place.
 D = Time resting spent in this place.
 E = Time spent auto-exploring this place.
 F = Levels seen in this place.
 G = Mean time per level.
                   A        B        C        D        E       F      G
               +--------+--------+--------+--------+--------+-----+--------+
         Total |  26638 |  25914 |    724 |  12216 |   9976 |  17 | 1566.9 |
       Dungeon |  14743 |  14366 |    377 |   4935 |   7423 |  11 | 1340.3 |
          Lair |   3114 |   3028 |     86 |   1125 |   1613 |   3 | 1038.0 |
  Orcish Mines |   8552 |   8291 |    261 |   6154 |    800 |   2 | 4276.0 |
       Ossuary |    228 |    228 |      0 |      0 |    140 |   1 |  228.0 |
               +--------+--------+--------+--------+--------+-----+--------+

Top non-repeatable levels by time:
   Orc:2: 7656 daAuts
     D:9: 4226 daAuts
  Lair:1: 1765 daAuts
     D:1: 1327 daAuts
  Lair:2: 1325 daAuts
    D:10: 1284 daAuts
     D:5: 1160 daAuts
     D:6: 1147 daAuts
     D:7: 1047 daAuts
     D:8: 966 daAuts
     D:4: 964 daAuts
     D:3: 913 daAuts
   Orc:1: 895 daAuts
    D:11: 874 daAuts
     D:2: 830 daAuts
